Flames vs Stars

Created - December-21-13 at 12:27

Goals
1 2 3 T
Flames 0 1 0 1
Stars 0 1 1 2
Shots
1 2 3 T
Flames 6 9 12 27
Stars 9 13 5 27

1st period

No Goal

Penalties :
Toni Lydman (CGY) for Holding (Minor) at 7:29, Bryce Salvador (CGY) for Tripping (Minor) at 11:23, Ladislav Smid (CGY) for High sticking (Minor) at 13:48

2nd period

1. Stars , Roman Josi 2 (Andy Greene) at 2:44
2. Flames , Dustin Brown 13 (Toni Lydman, Anze Kopitar) at 7:01

Penalties :
Bryce Salvador (CGY) for Hooking (Minor) at 12:58

3rd period

3. Stars , Paul Stastny 12 (Jay Bouwmeester, Roman Josi) at 11:56 (PP)

Penalties :
Andy Greene (DAL) for Roughing (Minor) at 2:45, Roman Josi (DAL) for Tripping (Minor) at 8:45, Mike Cammalleri (CGY) for Holding (Minor) at 10:49, Toni Lydman (CGY) for Hooking (Minor) at 12:01

Goalie Stats

Jonathan Quick (CGY), 25 saves from 27 shots - (0.926), L, 18-15-4, 59:32 minutes
Ilya Bryzgalov (DAL), 26 saves from 27 shots - (0.963), W, 4-11-2, 60:00 minutes

Players Stats for Flames

Player Name              G  A  P  +/- PIM S  H  SB GA TA FO     MP     PP MP  PK MP  
------------------------------------------------------------------------------------
Andrew MacDonald         0  0  0  -1  0   2  1  3  0  0  0/0    23:46   1:35   5:13 
Anze Kopitar             0  1  1   1  0   3  0  0  0  0  5/17   15:22   1:52   0:00 
Bryce Salvador           0  0  0  -1  4   0  0  2  0  0  0/0    19:49   0:00   2:53 
Dustin Brown             1  0  1   1  0   4  3  0  0  0  0/1    20:40   1:52   5:18 
Erik Johnson             0  0  0   1  0   1  0  0  0  0  0/0    16:30   2:23   2:28 
Jack Johnson             0  0  0   0  0   0  1  1  0  0  0/0    23:47   1:35   5:49 
Jeff Skinner             0  0  0   1  0   3  0  0  0  0  0/0    14:56   1:52   0:00 
Ladislav Smid            0  0  0   0  2   0  2  4  0  0  0/0    21:14   0:00   4:52 
Michael Grabner          0  0  0  -1  0   1  0  0  0  0  1/1    21:45   2:06   5:44 
Michael Ryder            0  0  0  -1  0   5  1  0  0  0  0/1    16:01   2:06   0:00 
Mike Cammalleri          0  0  0   0  2   1  0  1  0  0  4/12    8:55   0:00   0:00 
Pierre-Marc Bouchard     0  0  0   0  0   0  0  0  0  0  1/2     8:39   0:00   0:00 
Radek Dvorak             0  0  0   0  0   1  1  0  0  0  0/0     8:56   0:00   0:00 
Ryan Kesler              0  0  0  -1  0   1  4  0  0  0  11/22  16:01   2:06   0:00 
Sam Gagner               0  0  0   0  0   1  0  0  0  0  0/0     9:22   0:00   0:00 
Shawn Horcoff            0  0  0   0  0   1  1  0  0  0  7/14   14:23   0:00   5:44 
Tomas Kopecky            0  0  0   0  0   1  1  0  0  0  5/14   13:57   0:00   5:18 
Toni Lydman              0  1  1   1  4   2  2  0  0  0  0/0    14:49   2:23   0:49 

Players Stats for Stars

Player Name              G  A  P  +/- PIM S  H  SB GA TA FO     MP     PP MP  PK MP  
------------------------------------------------------------------------------------
Alex Galchenyuk          0  0  0   0  0   2  0  0  0  0  0/2    18:45   5:22   0:26 
Andy Greene              0  1  1   0  2   3  1  0  0  0  0/0    16:46   0:48   1:05 
Brandon Dubinsky         0  0  0   0  0   1  3  0  0  0  18/23  19:23   5:39   0:00 
Colin Wilson             0  0  0   0  0   1  0  0  0  0  2/3    17:18   4:35   0:00 
David Moss               0  0  0   0  0   0  0  0  0  0  0/0     8:36   0:48   2:12 
Derick Brassard          0  0  0   0  0   1  0  1  0  0  11/20  12:57   0:00   0:00 
Jarome Iginla            0  0  0   0  0   1  4  0  0  0  0/1    17:43   5:00   0:00 
Jay Bouwmeester          0  1  1   0  0   2  0  0  0  0  0/0    23:20   5:21   2:26 
Marc Staal               0  0  0   0  0   1  3  2  0  0  0/0    23:17   5:41   2:03 
Marcel Goc               0  0  0   0  0   0  0  0  0  0  6/8     7:48   0:00   2:12 
Matt Martin              0  0  0   0  0   0  2  0  0  0  0/0     5:33   0:48   0:00 
Patrik Elias             0  0  0   0  0   3  0  0  0  0  1/2    19:23   5:39   0:00 
Paul Stastny             1  0  1   0  0   3  0  1  0  0  12/23  19:04   4:35   1:46 
Roman Josi               1  1  2   0  2   5  0  0  0  0  0/0    20:14   5:21   0:00 
Ryan Johansen            0  0  0   0  0   1  0  0  0  0  0/1    16:35   0:40   1:20 
Stephane Robidas         0  0  0   0  0   0  1  1  0  0  0/0    16:05   0:00   1:32 
Zach Bogosian            0  0  0   0  0   2  3  0  0  0  0/0    20:16   4:53   0:50 
Zack Kassian             0  0  0   0  0   1  2  0  0  0  0/1    12:57   0:00   0:00 

3 Stars

1 - Ilya Bryzgalov (DAL)
2 - Dustin Brown (CGY)
3 - Roman Josi (DAL)

Power Play

Flames - 0 on 2 Attempt(s) - 0.00%
Stars - 1 on 6 Attempt(s) - 16.67%

Penalty Kill

Flames - 5 on 6 Attempt(s) - 83.33% - Score 0 goal in Penalty Kill
Stars - 2 on 2 Attempt(s) - 100.00% - Score 0 goal in Penalty Kill

Official

Referees : Chris Rooney and Stephen Walkom
Linesman : Mark Wheler and Shane Heyer

Game Notes

No Game Note

Finance

Level 1 -- Attendance: 5037 (83.95%) -- Ticket Income $554,070
Level 2 -- Attendance: 4891 (97.82%) -- Ticket Income $366,825
Level 3 -- Attendance: 2000 (100.00%) -- Ticket Income $124,000
Level 4 -- Attendance: 2013 (44.42%) -- Ticket Income $80,520
Luxury Box -- Attendance: 1000 (100.00%) -- Ticket Income $199,000
Game was played at the American Airlines Center
Total Attendance: 14941 (80.62%)
Total Ticket Income: $1,324,415
Other Income: $198,662
Total Income: $1,523,077


% Time on Ice - Flames

Lines # - Real PCT - Wanted PCT - Time Play
Normal Forward
1 - 29% - 30% - 13:04
2 - 31% - 30% - 13:55
3 - 20% - 20% - 8:56
4 - 19% - 20% - 8:39
Normal Defense
1 - 25% - 30% - 11:21
2 - 37% - 30% - 16:23
3 - 25% - 20% - 11:13
4 - 13% - 20% - 5:37
PP Forward
1 - 47% - 50% - 1:52
2 - 53% - 50% - 2:06
PP Defense
1 - 40% - 50% - 1:35
2 - 60% - 50% - 2:23
PK Forward
1 - 48% - 50% - 5:18
2 - 52% - 50% - 5:44
PK Defense
1 - 47% - 50% - 5:13
2 - 53% - 50% - 5:49
PK3 Forward
1 - 0% - 60%
2 - 0% - 40%
PK3 Defense
1 - 0% - 50%
2 - 0% - 50%
44 Forward
1 - 0% - 50%
2 - 0% - 50%
44 Defense
1 - 0% - 50%
2 - 0% - 50%
Last Minute Offensive  - 0:26
Last Minute Defensive  - 0:00
Total
Forward - 60:00
Defense - 60:00

% Time on Ice - Stars

Lines # - Real PCT - Wanted PCT - Time Play
Normal Forward
1 - 31% - 31% - 13:44
2 - 29% - 30% - 12:43
3 - 29% - 28% - 12:57
4 - 11% - 11% - 4:45
Normal Defense
1 - 31% - 32% - 13:49
2 - 33% - 32% - 14:33
3 - 34% - 31% - 14:54
4 - 2% - 5% - 0:53
PP Forward
1 - 51% - 55% - 5:39
2 - 49% - 45% - 5:23
PP Defense
1 - 52% - 65% - 5:41
2 - 48% - 35% - 5:21
PK Forward
1 - 66% - 60% - 2:38
2 - 34% - 40% - 1:20
PK Defense
1 - 39% - 60% - 1:32
2 - 61% - 40% - 2:26
PK3 Forward
1 - 0% - 60%
2 - 0% - 40%
PK3 Defense
1 - 0% - 60%
2 - 0% - 40%
44 Forward
1 - 0% - 60%
2 - 0% - 40%
44 Defense
1 - 0% - 60%
2 - 0% - 40%
Last Minute Offensive  - 0:00
Last Minute Defensive  - 0:51
Total
Forward - 60:00
Defense - 60:00

Play by Play

1st period


0:01 of 1st period - Anze Kopitar wins face-off versus Patrik Elias in neutral zone.
0:04 of 1st period - Ryan Johansen is hit by Dustin Brown and loses puck.
0:13 of 1st period - Shot by Dustin Brown.
0:13 of 1st period - Stopped by Ilya Bryzgalov without a rebound.
0:14 of 1st period - Ryan Kesler wins face-off versus Jarome Iginla in Stars zone.
0:31 of 1st period - Shot by Ryan Kesler.
0:31 of 1st period - Shot Misses the Net.
0:35 of 1st period - Shot by Ryan Kesler.
0:35 of 1st period - Stopped by Ilya Bryzgalov without a rebound.
0:36 of 1st period - Mike Cammalleri wins face-off versus Derick Brassard in Stars zone.
0:44 of 1st period - Icing by Andy Greene.
0:45 of 1st period - Shawn Horcoff wins face-off versus Derick Brassard in Stars zone.
0:46 of 1st period - Shot by Pierre-Marc Bouchard.
0:46 of 1st period - Shot Misses the Net.
0:57 of 1st period - Shawn Horcoff is hit by Andy Greene and loses puck.
1:30 of 1st period - Roman Josi is hit by Tomas Kopecky and loses puck.
1:45 of 1st period - Zack Kassian is hit by Dustin Brown and loses puck.
2:14 of 1st period - Shot by Patrik Elias.
2:14 of 1st period - Shot Misses the Net.
2:40 of 1st period - Shot by Ryan Johansen.
2:40 of 1st period - Stopped by Jonathan Quick with a rebound.
3:00 of 1st period - Shot by Paul Stastny.
3:00 of 1st period - Deflect By Colin Wilson.
3:00 of 1st period - Shot Misses the Net.
3:22 of 1st period - Shot by Jarome Iginla.
3:22 of 1st period - Shot Misses the Net.
3:24 of 1st period - Shot by Stephane Robidas.
3:24 of 1st period - Deflect By Jarome Iginla.
3:24 of 1st period - Shot Misses the Net.
3:26 of 1st period - Shot by Zach Bogosian.
3:26 of 1st period - Shot Misses the Net.
3:28 of 1st period - Shot by Jarome Iginla.
3:28 of 1st period - Shot Misses the Net.
3:30 of 1st period - Shot by Jarome Iginla.
3:30 of 1st period - Shot Misses the Net.
3:36 of 1st period - Shot by Colin Wilson.
3:36 of 1st period - Shot Misses the Net.
4:00 of 1st period - Ryan Kesler is hit by Matt Martin.
4:14 of 1st period - Shot by Michael Grabner.
4:14 of 1st period - Stopped by Ilya Bryzgalov with a rebound.
4:33 of 1st period - Shot by Michael Ryder.
4:33 of 1st period - Shot Misses the Net.
4:35 of 1st period - Shot by Andrew MacDonald.
4:35 of 1st period - Stopped by Ilya Bryzgalov without a rebound.
4:36 of 1st period - Brandon Dubinsky wins face-off versus Mike Cammalleri in Stars zone.
4:38 of 1st period - Icing by Patrik Elias.
4:39 of 1st period - Brandon Dubinsky wins face-off versus Mike Cammalleri in Stars zone.
4:45 of 1st period - Icing by Roman Josi.
4:46 of 1st period - Brandon Dubinsky wins face-off versus Mike Cammalleri in Stars zone.
4:57 of 1st period - Roman Josi is hit by Radek Dvorak and loses puck.
5:10 of 1st period - Shot by Patrik Elias.
5:10 of 1st period - Shot Misses the Net.
5:12 of 1st period - Shot by Roman Josi.
5:12 of 1st period - Stopped by Jonathan Quick without a rebound.
5:13 of 1st period - Ryan Kesler wins face-off versus Paul Stastny in Flames zone.
6:06 of 1st period - Ladislav Smid is hit by Jarome Iginla.
7:05 of 1st period - Icing by Toni Lydman.
7:06 of 1st period - Brandon Dubinsky wins face-off versus Shawn Horcoff in Flames zone.
7:06 of 1st period - Brandon Dubinsky is hit by Toni Lydman.
7:29 of 1st period - Minor Penalty to Toni Lydman for Holding.
7:30 of 1st period - Brandon Dubinsky wins face-off versus Tomas Kopecky in Flames zone.
7:48 of 1st period - Shot by Patrik Elias.
7:48 of 1st period - Stopped by Jonathan Quick with a rebound.
7:50 of 1st period - Shot by Patrik Elias.
7:50 of 1st period - Deflect By Brandon Dubinsky.
7:50 of 1st period - Shot Misses the Net.
8:18 of 1st period - Shot by Andy Greene.
8:18 of 1st period - Shot Blocked by Ladislav Smid.
8:28 of 1st period - Shot by Andy Greene.
8:28 of 1st period - Shot Misses the Net.
9:42 of 1st period - Shot by Jeff Skinner.
9:42 of 1st period - Stopped by Ilya Bryzgalov without a rebound.
9:43 of 1st period - Marcel Goc wins face-off versus Mike Cammalleri in Stars zone.
9:59 of 1st period - Off-side.
10:00 of 1st period - Derick Brassard wins face-off versus Anze Kopitar in neutral zone.
10:21 of 1st period - Shot by Anze Kopitar.
10:21 of 1st period - Shot Misses the Net.
10:59 of 1st period - Bryce Salvador is hit by Jarome Iginla and loses puck.
11:23 of 1st period - Minor Penalty to Bryce Salvador for Tripping.
11:24 of 1st period - Brandon Dubinsky wins face-off versus Tomas Kopecky in Flames zone.
12:05 of 1st period - Icing by Jay Bouwmeester.
12:06 of 1st period - Shawn Horcoff wins face-off versus Paul Stastny in Stars zone.
12:23 of 1st period - Shot by Roman Josi.
12:23 of 1st period - Shot Misses the Net.
12:25 of 1st period - Shot by Jay Bouwmeester.
12:25 of 1st period - Shot Misses the Net.
13:30 of 1st period - Icing by Roman Josi.
13:31 of 1st period - Mike Cammalleri wins face-off versus Marcel Goc in Stars zone.
13:48 of 1st period - Shot by Roman Josi.
13:48 of 1st period - Stopped by Jonathan Quick without a rebound.
13:48 of 1st period - Minor Penalty to Ladislav Smid for High sticking.
13:49 of 1st period - Paul Stastny wins face-off versus Tomas Kopecky in Flames zone.
13:49 of 1st period - Paul Stastny is hit by Andrew MacDonald.
13:53 of 1st period - Shot by Alex Galchenyuk.
13:53 of 1st period - Stopped by Jonathan Quick without a rebound.
13:54 of 1st period - Tomas Kopecky wins face-off versus Paul Stastny in Flames zone.
14:16 of 1st period - Shot by Roman Josi.
14:16 of 1st period - Stopped by Jonathan Quick without a rebound.
14:17 of 1st period - Michael Grabner wins face-off versus Brandon Dubinsky in Flames zone.
14:38 of 1st period - Shot by Zach Bogosian.
14:38 of 1st period - Shot Misses the Net.
14:40 of 1st period - Shot by Jarome Iginla.
14:40 of 1st period - Shot Misses the Net.
14:42 of 1st period - Shot by Brandon Dubinsky.
14:42 of 1st period - Shot Blocked by Jack Johnson.
15:00 of 1st period - Shot by Brandon Dubinsky.
15:00 of 1st period - Deflect By Jarome Iginla.
15:00 of 1st period - Stopped by Jonathan Quick without a rebound.
15:01 of 1st period - Shawn Horcoff wins face-off versus Paul Stastny in Flames zone.
15:33 of 1st period - Shot by Colin Wilson.
15:33 of 1st period - Stopped by Jonathan Quick without a rebound.
15:34 of 1st period - Brandon Dubinsky wins face-off versus Tomas Kopecky in Flames zone.
15:46 of 1st period - Off-side.
15:47 of 1st period - Tomas Kopecky wins face-off versus Paul Stastny in neutral zone.
16:07 of 1st period - Roman Josi is hit by Jack Johnson and loses puck.
16:12 of 1st period - Shot by Andy Greene.
16:12 of 1st period - Shot Blocked by Mike Cammalleri.
16:14 of 1st period - Shot by Andy Greene.
16:14 of 1st period - Stopped by Jonathan Quick without a rebound.
16:15 of 1st period - Ryan Kesler wins face-off versus Ryan Johansen in Flames zone.
16:15 of 1st period - Ryan Kesler is hit by Brandon Dubinsky.
17:30 of 1st period - Tomas Kopecky is hit by Marc Staal and loses puck.
19:22 of 1st period - Shot by Radek Dvorak.
19:22 of 1st period - Stopped by Ilya Bryzgalov without a rebound.
19:23 of 1st period - Colin Wilson wins face-off versus Ryan Kesler in Stars zone.
19:32 of 1st period - Jack Johnson is hit by Jarome Iginla and loses puck.
Goals for this period are 0 for Flames vs 0 for Stars.
Shots for this period are 6 for Flames vs 9 for Stars.

2nd period


0:01 of 2nd period - Ryan Kesler wins face-off versus Zack Kassian in neutral zone.
0:12 of 2nd period - Icing by Roman Josi.
0:13 of 2nd period - Derick Brassard wins face-off versus Dustin Brown in Stars zone.
0:31 of 2nd period - Shot by Andy Greene.
0:31 of 2nd period - Stopped by Jonathan Quick with a rebound.
0:35 of 2nd period - Shot by Roman Josi.
0:35 of 2nd period - Deflect By Zack Kassian.
0:35 of 2nd period - Shot Misses the Net.
0:37 of 2nd period - Shot by Roman Josi.
0:37 of 2nd period - Shot Misses the Net.
0:48 of 2nd period - Icing by Jack Johnson.
0:49 of 2nd period - Brandon Dubinsky wins face-off versus Anze Kopitar in Flames zone.
1:57 of 2nd period - Michael Grabner is hit by Zach Bogosian and loses puck.
2:04 of 2nd period - Shot by Michael Ryder.
2:04 of 2nd period - Shot Blocked by Paul Stastny.
2:06 of 2nd period - Shot by Michael Grabner.
2:06 of 2nd period - Shot Blocked by Stephane Robidas.
2:44 of 2nd period - Shot by Roman Josi.
2:44 of 2nd period - Goal by Roman Josi - Flames : 0 - Stars : 1.
2:45 of 2nd period - Derick Brassard wins face-off versus Pierre-Marc Bouchard in neutral zone.
2:55 of 2nd period - Icing by Erik Johnson.
2:56 of 2nd period - Shawn Horcoff wins face-off versus Brandon Dubinsky in Flames zone.
2:56 of 2nd period - Shawn Horcoff is hit by Brandon Dubinsky.
4:27 of 2nd period - Shot by Mike Cammalleri.
4:27 of 2nd period - Stopped by Ilya Bryzgalov without a rebound.
4:28 of 2nd period - Paul Stastny wins face-off versus Michael Ryder in Stars zone.
4:55 of 2nd period - Paul Stastny is hit by Ryan Kesler and loses puck.
5:00 of 2nd period - Shot by Michael Ryder.
5:00 of 2nd period - Stopped by Ilya Bryzgalov without a rebound.
5:01 of 2nd period - Derick Brassard wins face-off versus Anze Kopitar in Stars zone.
5:05 of 2nd period - Off-side.
5:06 of 2nd period - Derick Brassard wins face-off versus Anze Kopitar in neutral zone.
5:08 of 2nd period - Off-side.
5:09 of 2nd period - Anze Kopitar wins face-off versus Derick Brassard in neutral zone.
5:11 of 2nd period - Off-side.
5:12 of 2nd period - Derick Brassard wins face-off versus Ryan Kesler in neutral zone.
5:22 of 2nd period - Shot by Alex Galchenyuk.
5:22 of 2nd period - Shot Blocked by Andrew MacDonald.
5:27 of 2nd period - Icing by Ryan Kesler.
5:28 of 2nd period - Paul Stastny wins face-off versus Ryan Kesler in Flames zone.
6:23 of 2nd period - Icing by Zach Bogosian.
6:24 of 2nd period - Colin Wilson wins face-off versus Shawn Horcoff in Stars zone.
6:36 of 2nd period - Off-side.
6:37 of 2nd period - Anze Kopitar wins face-off versus Derick Brassard in neutral zone.
6:49 of 2nd period - Shot by Anze Kopitar.
6:49 of 2nd period - Stopped by Ilya Bryzgalov with a rebound.
6:51 of 2nd period - Shot by Jeff Skinner.
6:51 of 2nd period - Stopped by Ilya Bryzgalov with a rebound.
7:01 of 2nd period - Shot by Dustin Brown.
7:01 of 2nd period - Goal by Dustin Brown - Flames : 1 - Stars : 1.
7:02 of 2nd period - Brandon Dubinsky wins face-off versus Shawn Horcoff in neutral zone.
7:04 of 2nd period - Jay Bouwmeester is hit by Ladislav Smid.
7:33 of 2nd period - Shot by Jay Bouwmeester.
7:33 of 2nd period - Stopped by Jonathan Quick without a rebound.
7:34 of 2nd period - Derick Brassard wins face-off versus Ryan Kesler in Flames zone.
7:35 of 2nd period - Shot by Andy Greene.
7:35 of 2nd period - Stopped by Jonathan Quick with a rebound.
7:37 of 2nd period - Shot by Roman Josi.
7:37 of 2nd period - Stopped by Jonathan Quick without a rebound.
7:38 of 2nd period - Ryan Kesler wins face-off versus Derick Brassard in Flames zone.
7:38 of 2nd period - Ryan Kesler is hit by Zack Kassian.
8:02 of 2nd period - Andy Greene is hit by Ryan Kesler and loses puck.
8:13 of 2nd period - Shot by Alex Galchenyuk.
8:13 of 2nd period - Stopped by Jonathan Quick with a rebound.
8:38 of 2nd period - Icing by Jay Bouwmeester.
8:39 of 2nd period - Brandon Dubinsky wins face-off versus Anze Kopitar in Stars zone.
9:47 of 2nd period - Shawn Horcoff is hit by Zach Bogosian.
9:53 of 2nd period - Shot by Shawn Horcoff.
9:53 of 2nd period - Stopped by Ilya Bryzgalov without a rebound.
9:54 of 2nd period - Derick Brassard wins face-off versus Mike Cammalleri in Stars zone.
10:16 of 2nd period - Icing by Alex Galchenyuk.
10:17 of 2nd period - Ryan Kesler wins face-off versus Alex Galchenyuk in Stars zone.
10:18 of 2nd period - Shot by Toni Lydman.
10:18 of 2nd period - Stopped by Ilya Bryzgalov without a rebound.
10:19 of 2nd period - Paul Stastny wins face-off versus Ryan Kesler in Stars zone.
10:21 of 2nd period - Colin Wilson is hit by Michael Ryder and loses puck.
11:34 of 2nd period - Shot by Zack Kassian.
11:34 of 2nd period - Stopped by Jonathan Quick without a rebound.
11:35 of 2nd period - Brandon Dubinsky wins face-off versus Anze Kopitar in Flames zone.
11:40 of 2nd period - Shot by Patrik Elias.
11:40 of 2nd period - Shot Blocked by Ladislav Smid.
11:42 of 2nd period - Shot by Patrik Elias.
11:42 of 2nd period - Deflect By Brandon Dubinsky.
11:42 of 2nd period - Stopped by Jonathan Quick without a rebound.
11:43 of 2nd period - Brandon Dubinsky wins face-off versus Anze Kopitar in Flames zone.
12:11 of 2nd period - Shot by Jay Bouwmeester.
12:11 of 2nd period - Shot Blocked by Ladislav Smid.
12:13 of 2nd period - Shot by Ryan Johansen.
12:13 of 2nd period - Shot Misses the Net.
12:58 of 2nd period - Minor Penalty to Bryce Salvador for Hooking.
12:59 of 2nd period - Paul Stastny wins face-off versus Shawn Horcoff in Flames zone.
13:00 of 2nd period - Shot by Marc Staal.
13:00 of 2nd period - Shot Misses the Net.
13:06 of 2nd period - Shot by Zach Bogosian.
13:06 of 2nd period - Stopped by Jonathan Quick without a rebound.
13:07 of 2nd period - Shawn Horcoff wins face-off versus Paul Stastny in Flames zone.
13:15 of 2nd period - Icing by Alex Galchenyuk.
13:16 of 2nd period - Paul Stastny wins face-off versus Tomas Kopecky in Stars zone.
13:16 of 2nd period - Paul Stastny is hit by Dustin Brown.
13:35 of 2nd period - Icing by Paul Stastny.
13:36 of 2nd period - Paul Stastny wins face-off versus Tomas Kopecky in Stars zone.
14:29 of 2nd period - Shot by Jay Bouwmeester.
14:29 of 2nd period - Stopped by Jonathan Quick with a rebound.
14:31 of 2nd period - Shot by Jay Bouwmeester.
14:31 of 2nd period - Shot Blocked by Andrew MacDonald.
14:33 of 2nd period - Shot by Patrik Elias.
14:33 of 2nd period - Stopped by Jonathan Quick without a rebound.
14:34 of 2nd period - Brandon Dubinsky wins face-off versus Shawn Horcoff in Flames zone.
14:55 of 2nd period - Shot by Roman Josi.
14:55 of 2nd period - Shot Misses the Net.
15:17 of 2nd period - Shot by Zach Bogosian.
15:17 of 2nd period - Stopped by Jonathan Quick without a rebound.
15:18 of 2nd period - Derick Brassard wins face-off versus Anze Kopitar in Flames zone.
15:41 of 2nd period - Shot by Alex Galchenyuk.
15:41 of 2nd period - Shot Blocked by Ladislav Smid.
15:53 of 2nd period - Shot by Anze Kopitar.
15:53 of 2nd period - Shot Misses the Net.
15:55 of 2nd period - Shot by Anze Kopitar.
15:55 of 2nd period - Shot Misses the Net.
16:39 of 2nd period - Shot by Michael Ryder.
16:39 of 2nd period - Stopped by Ilya Bryzgalov without a rebound.
16:40 of 2nd period - Brandon Dubinsky wins face-off versus Shawn Horcoff in Stars zone.
17:48 of 2nd period - Icing by Ladislav Smid.
17:49 of 2nd period - Mike Cammalleri wins face-off versus Paul Stastny in Flames zone.
18:15 of 2nd period - Icing by Stephane Robidas.
18:16 of 2nd period - Paul Stastny wins face-off versus Ryan Kesler in Stars zone.
18:34 of 2nd period - Shot by Toni Lydman.
18:34 of 2nd period - Stopped by Ilya Bryzgalov without a rebound.
18:35 of 2nd period - Anze Kopitar wins face-off versus Derick Brassard in Stars zone.
18:47 of 2nd period - Icing by Andy Greene.
18:48 of 2nd period - Ryan Kesler wins face-off versus Derick Brassard in Stars zone.
19:14 of 2nd period - Icing by Roman Josi.
19:15 of 2nd period - Pierre-Marc Bouchard wins face-off versus Alex Galchenyuk in Stars zone.
19:32 of 2nd period - Shot by Derick Brassard.
19:32 of 2nd period - Stopped by Jonathan Quick with a rebound.
19:44 of 2nd period - Roman Josi is hit by Shawn Horcoff and loses puck.
19:58 of 2nd period - Icing by Bryce Salvador.
19:59 of 2nd period - Shawn Horcoff wins face-off versus Paul Stastny in Flames zone.
Goals for this period are 1 for Flames vs 1 for Stars.
Shots for this period are 9 for Flames vs 13 for Stars.

3rd period


0:01 of 3rd period - Ryan Kesler wins face-off versus Paul Stastny in neutral zone.
0:06 of 3rd period - Shot by Michael Grabner.
0:06 of 3rd period - Shot Misses the Net.
0:08 of 3rd period - Shot by Michael Ryder.
0:08 of 3rd period - Shot Misses the Net.
0:10 of 3rd period - Shot by Michael Ryder.
0:10 of 3rd period - Shot Misses the Net.
0:12 of 3rd period - Shot by Ryan Kesler.
0:12 of 3rd period - Shot Blocked by Marc Staal.
0:17 of 3rd period - Michael Grabner is hit by Marc Staal and loses puck.
0:49 of 3rd period - Andrew MacDonald is hit by Marc Staal and loses puck.
1:08 of 3rd period - Shot by Dustin Brown.
1:08 of 3rd period - Shot Blocked by Marc Staal.
1:10 of 3rd period - Shot by Anze Kopitar.
1:10 of 3rd period - Shot Misses the Net.
1:12 of 3rd period - Shot by Anze Kopitar.
1:12 of 3rd period - Stopped by Ilya Bryzgalov without a rebound.
1:13 of 3rd period - Brandon Dubinsky wins face-off versus Mike Cammalleri in Stars zone.
1:17 of 3rd period - Icing by Zach Bogosian.
1:18 of 3rd period - Brandon Dubinsky wins face-off versus Anze Kopitar in Stars zone.
2:45 of 3rd period - Minor Penalty to Andy Greene for Roughing.
2:46 of 3rd period - Marcel Goc wins face-off versus Ryan Kesler in Stars zone.
3:16 of 3rd period - Shot by Michael Ryder.
3:16 of 3rd period - Stopped by Ilya Bryzgalov without a rebound.
3:17 of 3rd period - Marcel Goc wins face-off versus Ryan Kesler in Stars zone.
3:32 of 3rd period - Shot by Michael Ryder.
3:32 of 3rd period - Stopped by Ilya Bryzgalov without a rebound.
3:33 of 3rd period - Marcel Goc wins face-off versus Anze Kopitar in Stars zone.
4:42 of 3rd period - Jay Bouwmeester is hit by Ryan Kesler and loses puck.
4:47 of 3rd period - Shot by Sam Gagner.
4:47 of 3rd period - Stopped by Ilya Bryzgalov without a rebound.
4:48 of 3rd period - Derick Brassard wins face-off versus Mike Cammalleri in Stars zone.
5:34 of 3rd period - Icing by Andy Greene.
5:35 of 3rd period - Ryan Kesler wins face-off versus Derick Brassard in Stars zone.
5:47 of 3rd period - Icing by Roman Josi.
5:48 of 3rd period - Shawn Horcoff wins face-off versus Derick Brassard in Stars zone.
6:24 of 3rd period - Jack Johnson is hit by Stephane Robidas and loses puck.
6:37 of 3rd period - Ladislav Smid is hit by Brandon Dubinsky and loses puck.
6:50 of 3rd period - Shot by Patrik Elias.
6:50 of 3rd period - Stopped by Jonathan Quick without a rebound.
6:51 of 3rd period - Ryan Kesler wins face-off versus Colin Wilson in Flames zone.
6:51 of 3rd period - Andrew MacDonald is hit by Jarome Iginla and loses puck.
8:04 of 3rd period - Shot by Anze Kopitar.
8:04 of 3rd period - Shot Misses the Net.
8:06 of 3rd period - Shot by Toni Lydman.
8:06 of 3rd period - Shot Misses the Net.
8:18 of 3rd period - Shot by Dustin Brown.
8:18 of 3rd period - Stopped by Ilya Bryzgalov with a rebound.
8:20 of 3rd period - Shot by Anze Kopitar.
8:20 of 3rd period - Shot Misses the Net.
8:26 of 3rd period - Shot by Dustin Brown.
8:26 of 3rd period - Stopped by Ilya Bryzgalov without a rebound.
8:27 of 3rd period - Brandon Dubinsky wins face-off versus Mike Cammalleri in Stars zone.
8:45 of 3rd period - Minor Penalty to Roman Josi for Tripping.
8:46 of 3rd period - Marcel Goc wins face-off versus Anze Kopitar in Stars zone.
9:17 of 3rd period - Shot by Anze Kopitar.
9:17 of 3rd period - Shot Misses the Net.
9:19 of 3rd period - Shot by Anze Kopitar.
9:19 of 3rd period - Stopped by Ilya Bryzgalov with a rebound.
9:23 of 3rd period - Shot by Erik Johnson.
9:23 of 3rd period - Stopped by Ilya Bryzgalov without a rebound.
9:24 of 3rd period - Paul Stastny wins face-off versus Ryan Kesler in Stars zone.
9:24 of 3rd period - Paul Stastny is hit by Ryan Kesler.
10:49 of 3rd period - Minor Penalty to Mike Cammalleri for Holding.
10:50 of 3rd period - Patrik Elias wins face-off versus Tomas Kopecky in Flames zone.
10:53 of 3rd period - Shot by Marc Staal.
10:53 of 3rd period - Stopped by Jonathan Quick without a rebound.
10:54 of 3rd period - Tomas Kopecky wins face-off versus Brandon Dubinsky in Flames zone.
11:15 of 3rd period - Shot by Zach Bogosian.
11:15 of 3rd period - Shot Misses the Net.
11:52 of 3rd period - Shot by Roman Josi.
11:52 of 3rd period - Shot Blocked by Andrew MacDonald.
11:54 of 3rd period - Shot by Jay Bouwmeester.
11:54 of 3rd period - Shot Blocked by Bryce Salvador.
11:56 of 3rd period - Shot by Paul Stastny.
11:56 of 3rd period - Goal by Paul Stastny - Flames : 1 - Stars : 2.
11:57 of 3rd period - Mike Cammalleri wins face-off versus Marcel Goc in neutral zone.
11:57 of 3rd period - Erik Johnson is hit by Matt Martin and loses puck.
12:01 of 3rd period - Minor Penalty to Toni Lydman for Hooking.
12:02 of 3rd period - Tomas Kopecky wins face-off versus Paul Stastny in Flames zone.
12:11 of 3rd period - Shot by Paul Stastny.
12:11 of 3rd period - Stopped by Jonathan Quick without a rebound.
12:12 of 3rd period - Paul Stastny wins face-off versus Tomas Kopecky in Flames zone.
12:49 of 3rd period - Icing by Jay Bouwmeester.
12:50 of 3rd period - Paul Stastny wins face-off versus Tomas Kopecky in Stars zone.
12:55 of 3rd period - Shot by Colin Wilson.
12:55 of 3rd period - Shot Blocked by Bryce Salvador.
13:02 of 3rd period - Icing by Jay Bouwmeester.
13:03 of 3rd period - Tomas Kopecky wins face-off versus Paul Stastny in Stars zone.
15:09 of 3rd period - Marc Staal is hit by Toni Lydman and loses puck.
15:34 of 3rd period - Michael Ryder is hit by Zack Kassian and loses puck.
15:56 of 3rd period - Shot by Michael Ryder.
15:56 of 3rd period - Stopped by Ilya Bryzgalov without a rebound.
15:57 of 3rd period - Brandon Dubinsky wins face-off versus Anze Kopitar in Stars zone.
16:12 of 3rd period - Ladislav Smid is hit by Zach Bogosian and loses puck.
17:08 of 3rd period - Shot by Jarome Iginla.
17:08 of 3rd period - Shot Misses the Net.
17:10 of 3rd period - Shot by Jarome Iginla.
17:10 of 3rd period - Shot Misses the Net.
17:12 of 3rd period - Shot by Paul Stastny.
17:12 of 3rd period - Stopped by Jonathan Quick without a rebound.
17:13 of 3rd period - Derick Brassard wins face-off versus Ryan Kesler in Flames zone.
17:49 of 3rd period - Shot by Ryan Kesler.
17:49 of 3rd period - Shot Blocked by Derick Brassard.
17:51 of 3rd period - Shot by Andrew MacDonald.
17:51 of 3rd period - Stopped by Ilya Bryzgalov without a rebound.
17:52 of 3rd period - Paul Stastny wins face-off versus Shawn Horcoff in Stars zone.
18:10 of 3rd period - Shot by Colin Wilson.
18:10 of 3rd period - Shot Misses the Net.
18:24 of 3rd period - Shot by Tomas Kopecky.
18:24 of 3rd period - Stopped by Ilya Bryzgalov without a rebound.
18:25 of 3rd period - Anze Kopitar wins face-off versus Brandon Dubinsky in Stars zone.
18:30 of 3rd period - Shot by Jeff Skinner.
18:30 of 3rd period - Stopped by Ilya Bryzgalov without a rebound.
18:31 of 3rd period - Ryan Kesler wins face-off versus Brandon Dubinsky in Stars zone.
18:40 of 3rd period - Shot by Michael Grabner.
18:40 of 3rd period - Shot Misses the Net.
18:56 of 3rd period - Flames, Jonathan Quick is pulled from the net.
19:08 of 3rd period - Icing by Ladislav Smid.
19:09 of 3rd period - Jonathan Quick from Flames was sent back in the game.
19:09 of 3rd period - Marcel Goc wins face-off versus Ryan Kesler in Flames zone.
19:09 of 3rd period - Marcel Goc is hit by Ladislav Smid.
19:23 of 3rd period - Shot by Marc Staal.
19:23 of 3rd period - Shot Misses the Net.
19:45 of 3rd period - Flames, Jonathan Quick is pulled from the net.
19:59 of 3rd period - Shot by Sam Gagner.
19:59 of 3rd period - Shot Misses the Net.
Goals for this period are 0 for Flames vs 1 for Stars.
Shots for this period are 12 for Flames vs 5 for Stars.


Output by the SimonT Hockey Simulator (STHS) for Stephane Roy -- Original Page W3C XHTML 1.0 Valid
Hockey Simulator - Hockey Simulation - Hockey Manager